 Dungeon Crawl Stone Soup version 0.17-a0-995-gb5fa8d7 (console) character file.

183 lauthentik the Ducker (level 5, -8/34 HPs)
             Began as a Halfling Warper on May 12, 2015.
             Was a Follower of Dithmenos.
             Killed by divine providence
             ... invoked by an orc priest
              (13 damage)
             ... on level 4 of the Dungeon.
             The game lasted 00:23:26 (2424 turns).

lauthentik the Ducker (Halfling Warper)             Turns: 2424, Time: 00:23:26

Health: -8/34      AC:  5    Str: 11    XL:     5   Next: 94%
Magic:  7/7        EV: 16    Int: 13    God:    Dithmenos [*.....]
Gold:   120        SH:  0    Dex: 14    Spells: 3 memorised, 1 level left

rFire  . . .     SeeInvis .     l - +3 short sword (distort)
rCold  . . .     Clarity  .     b - +0 leather armour
rNeg   . . .     SustAb   .     (shield restricted)
rPois  .         Gourm    .     (no helmet)
rElec  .         Spirit   .     (no cloak)
rCorr  .         Warding  .     s - +0 pair of gloves
rMut   .         Rnd*Tele +     j - +0 pair of boots
MR     .....                    (no amulet)
Stlth  ++........               (no ring)
                                q - ring of teleportation (curse)

@: wreathed by umbra, not resistant to hostile enchantments, unstealthy
A: mutation resistance 1
a: Renounce Religion, Evoke Teleportation


You were on level 4 of the Dungeon.
You worshipped Dithmenos.
Dithmenos was aware of your devotion.
You were not hungry.

You visited 1 branch of the dungeon, and saw 4 of its levels.

You collected 120 gold pieces.

Inventory:

Hand weapons
 a - a +0 falchion
 l - a +3 short sword of distortion (weapon)
Missiles
 e - 4 tomahawks of dispersal
 n - 7 needles of paralysis
 x - 3 needles of confusion
 y - 5 tomahawks (quivered)
Armour
 b - a +0 leather armour (worn)
 j - a +0 pair of boots (worn)
 s - a +0 pair of gloves (worn)
Jewellery
 q - a cursed ring of teleportation (left hand)
Scrolls
 d - 2 scrolls of blinking
 g - 2 scrolls of identify
 i - a scroll of recharging
 m - a scroll of amnesia {unknown}
 t - a scroll of fog {unknown}
 A - a scroll of magic mapping {unknown}
Potions
 p - 2 potions of curing
 r - 2 potions of cancellation
 u - 2 potions of lignification {unknown}
 v - a potion of poison {unknown}
 w - a potion of heal wounds {unknown}
 z - 2 potions of berserk rage {unknown}
 B - 2 potions of brilliance {unknown}
 C - a potion of might {unknown}
Books
 c - a book of Spatial Translocations

   Spells                             Type                      Level
   a - Apportation                    Translocation                1
   b - Blink                          Translocation                2
   c - Shroud of Golubria             Charms/Translocation         2
   d - Portal Projectile              Translocation                3
   e - Teleport Other                 Translocation                3
   f - Passage of Golubria            Translocation                4
Comestibles
 f - 5 bread rations
 h - 2 royal jellies
 o - a beef jerky


   Skills:
 - Level 2.0 Fighting
 + Level 2.3(3.1) Short Blades
 + Level 2.2(2.5) Long Blades
 + Level 1.7 Throwing
 - Level 2.2 Armour
 + Level 4.4 Dodging
 + Level 1.2 Stealth
 + Level 1.6 Spellcasting
 + Level 3.5 Translocations


You had one spell level left.
You knew the following spells:

 Your Spells              Type           Power        Failure   Level  Hunger
a - Apportation           Tloc           ##........   10%         1    ##.....
b - Blink                 Tloc           N/A          12%         2    ###....
c - Teleport Other        Tloc           ##......     24%         3    ####...


Dungeon Overview and Level Annotations

Branches:
Dungeon (4/15)
 Temple: D:4-7

Altars:
Dithmenos
Gozag

Shops:
D:4 [


Innate Abilities, Weirdness & Mutations

You are small and have problems with some larger weapons.
You are somewhat resistant to further mutation.


Message History

You hit the orc wizard.
The orc wizard looks slightly unstable.
The orc wizard is lightly wounded.
The orc wizard hits you but does no damage.
You hit the orc wizard.
The orc wizard is heavily wounded.
The orc wizard disappears!
The orc priest hits you with a hand axe.
The orc misses you.
Your leather armour prevents you from hitting the orc priest.
The orc priest barely misses you. The orc barely misses you.
The orc priest invokes the aid of Beogh against you.
Something smites you!
You see here 12 gold pieces.
The orc priest calls down the wrath of Beogh upon you.
Something smites you!
* * * LOW HITPOINT WARNING * * *
Your leather armour prevents you from hitting the orc.
The orc priest mumbles some strange prayers to Beogh against you.
Something smites you!
You die...

#..................#
#......#########...##
#......# #........(
.......#####......... >
.......#........#### .#
................# .#
[..............)# ..#
...............(## ...#.
...............#@###.....#
..........######o$l.......
..........# #..o...♣?..
.......#### #..((......
.......# #####(....#
###...## #...#. #...# .(.#
#...# ..# #...# ..#


You could see an iguana, an orc priest and an orc.

Vanquished Creatures
  2 worker ants (D:4)
  5 adders
  A worm (D:4)
  A giant gecko (D:2)
  4 orcs
  A ball python (D:3)
  13 bats
  6 giant cockroaches
  7 hobgoblins
  4 jackals
  3 quokkas
  A giant gecko skeleton (D:4)
  6 giant newts
  8 goblins
  11 kobolds
  8 rats
81 creatures vanquished.

Vanquished Creatures (others)
  An orc (D:3)
  A hobgoblin (D:3)
  A jackal (D:3)
3 creatures vanquished.

Grand Total: 84 creatures vanquished

Notes
Turn   | Place    | Note
--------------------------------------------------------------
     0 | D:1      | lauthentik the Halfling Warper began the quest for the Orb.
     0 | D:1      | Reached XP level 1. HP: 14/14 MP: 3/3
   239 | D:1      | Reached XP level 2. HP: 13/19 MP: 4/4
   376 | D:1      | Learned a level 2 spell: Blink
   815 | D:2      | Reached XP level 3. HP: 18/24 MP: 5/5
   840 | D:2      | Found a shadowy altar of Dithmenos.
   920 | D:2      | Reached skill level 1 in Short Blades
  1029 | D:2      | Became a worshipper of Dithmenos the Shadowed
  1212 | D:2      | Reached XP level 4. HP: 29/29 MP: 6/6
  1612 | D:3      | Reached XP level 5. HP: 17/34 MP: 7/7
  2090 | D:3      | Learned a level 3 spell: Teleport Other
  2174 | D:4      | Reached skill level 4 in Dodging
  2182 | D:4      | Reached skill level 1 in Stealth
  2266 | D:4      | Found Kaahiuh's Antique Armour Boutique.
  2357 | D:4      | Found an opulent altar of Gozag.
  2424 | D:4      | Killed from afar by an orc priest

Vault maps used:
D:1:      lightli_arrival_statue_moat
D:2:      nicolae_dithmenos_shadow_blocks
D:3:      first_bread
D:4:      serial_shops, shop, grunt_ministairs_6, minmay_stone_trees_medium,
          grunt_gozag_breadcrumbs, uniq_grinder

Action                   |  1- 3 |  4- 6 || total
-------------------------+-------+-------++-------
Melee: Short sword       |   135 |   117 ||   252
Throw: Tomahawk          |     1 |    10 ||    11
  Use: Scroll            |     2 |     5 ||     7
  Eat: Chunk             |       |     5 ||     5
